 Dungeon Crawl Stone Soup version 0.29-a0-648-g6b26cc9f40 (webtiles) character file.

Game seed: 1446062271883942654

12259 emperorscorpion the Thaumaturge (level 12, -7/93 HPs)
             Began as a Meteoran Cinder Acolyte on June 20, 2022.
             Was a Believer of Vehumet.
             Mangled by a fire elemental (9 damage)
             ... created by the fiery vengeance of Ignis
             ... on level 12 of the Dungeon.
             The game lasted 00:53:36 (6193 turns).

emperorscorpion the Thaumaturge (MeCA)              Turns: 6193, Time: 00:53:37

Health: -7/93      AC:  8    Str: 15    XL:     12   Next: 46%
Magic:  30/30      EV: 17    Int: 18    God:    Vehumet [**....]
Gold:   406        SH:  0    Dex: 14    Spells: 19/38 levels left

rFire   . . .      SeeInvis +   a - +8 frozen axe "Frostbite" {freezing cloud, *Noise Fly rC+}
rCold   + + .      Faith    .   (shield currently unavailable)
rNeg    . . .      Spirit   .   Z - +0 troll leather armour
rPois   +          Reflect  .   H - +1 helmet {SInv}
rElec   .          Harm     .   S - scarf {rC+ rF+}
rCorr   .          Rampage  .   X - +1 pair of gloves
Will    +....                   (no boots)
Stlth   +.........              e - amulet of magic regeneration
HPRegen 1.05/turn               s - +4 ring of evasion
MPRegen 0.62/turn               R - ring of poison resistance

@: flying, glowing, fire susceptible
A: sense surroundings 2, otherworldly, glowing, explore regen
a: Renounce Religion


You were on level 12 of the Dungeon.
You worshipped Vehumet.
Vehumet was pleased with you.
You visited 2 branches of the dungeon, and saw 15 of its levels.

You collected 685 gold pieces.
You spent 279 gold pieces at shops.

Inventory:

Hand Weapons
 a - the +8 frozen axe "Frostbite" (weapon) {freezing cloud, *Noise Fly rC+}
   (You found it on level 11 of the Dungeon)

   It freezes those it strikes, dealing additional cold damage.
   It can also slow down cold-blooded creatures.
   It occasionally leaves clouds of freezing vapour upon striking a foe.
   It grants immunity to clouds of freezing vapour.
   rC:        It protects you from cold.
   Fly:       It grants you flight.
   *Noise:    It may make noises in combat.
 l - a +3 war axe of chaos
 y - a +3 halberd of freezing
 A - the +7 short sword of Ravage {distort, Int+4}
   (You took it off a kobold brigand on level 6 of the Dungeon)

   It warps and distorts space around it, and may blink, banish, or inflict
   extra damage upon those it strikes.
   Unwielding it can cause banishment or high damage.
   Int:       It affects your intelligence (+4).
 M - a +3 battleaxe
 N - a +3 hand axe of electrocution
Missiles
 j - 2 throwing nets
 o - 41 poisoned darts (quivered)
 G - 2 curare-tipped darts
Armour
 E - a +0 leather armour of positive energy
 H - a +1 helmet of see invisible (worn)
 I - a +2 robe of positive energy
 L - a +0 cloak
 S - a scarf of resistance (worn)
 X - a +1 pair of gloves (worn)
 Z - a +0 troll leather armour (worn)
Magical Staves
 b - a staff of fire
Jewellery
 e - an amulet of magic regeneration (around neck)
 m - an amulet of reflection
 s - a +4 ring of evasion (left hand)
 t - a ring of willpower
 w - a ring of protection from cold
 D - a ring of willpower
 F - a ring of protection from cold
 R - a ring of poison resistance (right hand)
Wands
 h - a wand of charming (25)
 q - a wand of light (11)
 J - a wand of mindburst (25)
 P - a wand of flame (30)
Scrolls
 f - 6 scrolls of teleportation
 g - 3 scrolls of magic mapping
 i - 2 scrolls of amnesia
 p - 2 scrolls of poison
 v - 2 scrolls of vulnerability
 C - 9 scrolls of identify
 K - a scroll of immolation
 O - a scroll of blinking
 U - a scroll of enchant armour
 W - a scroll of enchant weapon
Potions
 c - 2 potions of cancellation
 d - a potion of flight
 k - 6 potions of heal wounds
 n - a potion of brilliance
 r - 2 potions of curing
 u - a potion of resistance
 Q - a potion of haste
 T - 3 potions of ambrosia
 V - a potion of mutation
Miscellaneous
 Y - a lightning rod (4/4)


   Skills:
 + Level 4.8 Fighting
 + Level 5.1 Axes
 + Level 3.4 Slings
 + Level 1.0 Armour
 + Level 3.9 Dodging
 + Level 13.6 Spellcasting
 * Level 10.1 Conjurations
 - Level 12.5 Fire Magic


You had 19 spell levels left.
You knew the following spells:

 Your Spells              Type           Power      Damage    Failure   Level
a - Scorch                Fire           100%       2d10      1%          2
b - Foxfire               Conj/Fire      100%       2x1d9     1%          1
c - Flame Wave            Conj/Fire      52%        2d11      1%          4
d - Apportation           Tloc           24%        N/A       7%          1
e - Fireball              Conj/Fire      26%        3d12      1%          5
f - Iron Shot             Conj/Erth      15%        9d4       78%         6

Your spell library contained the following spells:

 Spells                   Type           Power      Damage    Failure   Level
 Magic Dart               Conj           100%       1d8       1%          1
 Conjure Flame            Conj/Fire      52%        6-21      1%          3
 Inner Flame              Hex/Fire       34%        N/A       1%          3
 Beastly Appendage        Tmut           24%        N/A       7%          1
 Necrotize                Necr           48%        1d6       7%          1
 Summon Small Mammal      Summ           48%        N/A       7%          1
 Wereblood                Tmut           12%        N/A       11%         2
 Call Canine Familiar     Summ           12%        N/A       21%         3
 Portal Projectile        Hex/Tloc       24%        N/A       21%         3
 Spider Form              Tmut/Pois      12%        N/A       21%         3
 Summon Guardian Golem    Hex/Summ       12%        N/A       21%         3
 Tukima's Dance           Hex            12%        N/A       21%         3
 Animate Armour           Summ/Erth      24%        N/A       56%         4
 Blade Hands              Tmut           6%         N/A       88%         5
 Shatter                  Erth           6%         3d9*      100%        9


Dungeon Overview and Level Annotations

Branches:
Dungeon (14/15) Zot: 2203  Temple (1/1) D:7 Zot: 572
   Lair: D:8-11         Orc: D:9-12      Vaults: D:13-14

Altars:
Fedhas
Vehumet
Lugonu

Shops:
D:7 =   D:8 ?[=

Portals:
Abyss: D:6

Annotations:
D:11 exclusion: 4 doors
D:12 3 runed translucent doors, Azrael; Layxaf's ghost, journeyman MiBe


Innate Abilities, Weirdness & Mutations

You passively map the area around you.
You are easily found by Zot.
You glow in the dark.
You regain HP and MP as you explore.


Message History

There is an open door here.
You fly up into the air.
The +8 frozen axe "Frostbite" {freezing cloud, *Noise Fly rC+} glows with a cold blue light!
a - the +8 frozen axe "Frostbite" (weapon)
{freezing cloud, *Noise Fly rC+} You hit the fire elemental.
You freeze the fire elemental.
The fire elemental is lightly damaged.
The fire elemental hits you. The fire elemental burns you!
The fire elemental hits you. The fire elemental burns you!
The fire elemental hits you. The fire elemental burns you!
You slash the fire elemental! You freeze the fire elemental.
The fire elemental is heavily damaged.
You closely miss the fire elemental. The fire elemental hits you.
The fire elemental burns you! The fire elemental closely misses you.
The fire elemental hits you. The fire elemental burns you!
The fire elemental barely misses you. The fire elemental hits you.
The fire elemental burns you!
You barely miss the fire elemental.
The fire elemental is heavily damaged.
You completely miss the fire elemental. You slice the fire elemental!!
You freeze the fire elemental. The fire elemental hits you.
The fire elemental burns you!
* * * LOW HITPOINT WARNING * * *
The fire elemental closely misses you. x2
The fire elemental barely misses you. The fire elemental hits you.
The fire elemental burns you!
* * * LOW HITPOINT WARNING * * *
The fire elemental misses you.
Unknown command.
You completely miss the fire elemental.
The fire elemental is heavily damaged.
You slash the fire elemental! You freeze the fire elemental!
You destroy the fire elemental!
That felt strangely unrewarding.
You hit the fire elemental. You freeze the fire elemental.
The fire elemental hits you. The fire elemental burns you!
* * * LOW HITPOINT WARNING * * *
The fire elemental hits you. The fire elemental burns you!
* * * LOW HITPOINT WARNING * * *
The fire elemental hits you. The fire elemental burns you!
You die...

, * * , , , ,,, , , , ,
* * ** * * ,# , , ,,, ,
+ , , ,, , ,# * , ,., #
, ######+######.. , * #
,, ............... , , ,
..............., ,, ,,,
, .......E....... , * *
*
#######@################
,
...'...E...'.....)......
*, ,
...#.......#............
, *
*#.###############..#' *
*,,
+..#.....#.......#..#[ ,
, #. #.....#.......#..#.
,,* ,
######..####.#..#+######
,
..........'..#..........
, ,
..........#..#..........


You could see 2 fire elementals.

Vanquished Creatures
  Gastronok (D:8)
  Pikel (D:6)
  A manticore (D:11)
  Maurice (D:8)
  Joseph (D:8)
  A gargoyle (D:11)
  An unseen horror (D:11)
  A kobold demonologist (D:12)
  2 freezing wraiths (D:11)
  A yaktaur (shapeshifter) (D:13)
  2 ice devils (D:11)
  A troll (D:11)
  A queen bee (D:10)
  Prince Ribbit (D:6)
  A wraith (D:10)
  3 shadows
  10 yaks (D:11)
  6 fire elementals
  2 vampire mosquitoes (D:12)
  A steam dragon (D:6)
  Menkaure (D:4)
  2 water moccasins
  An orc warrior (D:7)
  3 sky beasts
  2 black bears
  3 ogres
  2 phantoms
  4 lemures (D:6)
  2 centaurs
  5 kobold brigands
  2 necrophages
  3 bullfrogs
  4 scorpions
  8 wights
  20 killer bees
  The ghost of smoky173 the Slasher, a weakling MfGl (D:3)
  4 howler monkeys
  3 electric eels (D:7)
  2 jellies
  4 orc priests
  2 hounds
  5 iguanas
  5 orc wizards
  A mummy (D:6)
  3 gnolls (D:4)
  4 adders
  A shadow imp (D:5)
  8 white imps
  2 ufetubi
  4 dart slugs
  23 orcs
  7 bats
  6 endoplasms
  2 giant cockroaches
  7 goblins
  7 hobgoblins
  12 jackals
  A quokka (D:3)
  9 ball pythons
  2 frilled lizards (D:1)
  A hobgoblin zombie (D:6)
  26 kobolds
  3 orc zombies (D:6)
  7 rats
  5 bushes (D:7)
268 creatures vanquished.

Vanquished Creatures (collateral kills)
  A foxfire (D:7)
1 creature vanquished.

Vanquished Creatures (others)
  A bullfrog (D:6)
  93 foxfires
  15 fungi (D:10)
  4 plants (D:7)
113 creatures vanquished.

Grand Total: 382 creatures vanquished

Notes
Turn   | Place    | Note
-------+----------+-------------------------------------------
     0 | D:1      | emperorscorpion the Meteoran Cinder Acolyte began the quest
                  | for the Orb.
     0 | D:1      | Reached XP level 1. HP: 19/19 MP: 3/3
    28 | D:1      | Reached XP level 2. HP: 7/26 MP: 5/5
   113 | D:1      | Learned a level 2 spell: Scorch
   118 | D:1      | Found a faded altar of an unknown god.
   124 | D:1      | Reached XP level 3. HP: 22/31 MP: 3/6
   258 | D:1      | Learned a level 1 spell: Foxfire
   356 | D:1      | Reached XP level 4. HP: 40/40 MP: 1/7
   622 | D:2      | Reached skill level 2 in Spellcasting
   871 | D:2      | Reached XP level 5. HP: 42/46 MP: 0/9
  1007 | D:3      | Noticed smoky173's ghost (weakling MfGl)
  1293 | D:3      | Found a transporter.
  1337 | D:3      | Found a transporter.
  1408 | D:4      | Reached XP level 6. HP: 52/52 MP: 7/11
  1437 | D:3      | Killed smoky173's ghost
  1438 | D:3      | Reached skill level 3 in Spellcasting
  1438 | D:3      | Reached skill level 1 in Conjurations
  1438 | D:3      | Reached skill level 5 in Fire Magic
  1457 | D:4      | Noticed Menkaure
  1474 | D:4      | Killed Menkaure
  1475 | D:4      | Reached skill level 4 in Spellcasting
  1475 | D:4      | Reached XP level 7. HP: 23/58 MP: 8/14
  1481 | D:4      | Learned a level 4 spell: Flame Wave
  1571 | D:5      | Entered Level 5 of the Dungeon
  1623 | D:4      | Reached skill level 1 in Slings
  1814 | D:4      | Reached XP level 8. HP: 65/66 MP: 6/16
  1856 | D:5      | Reached skill level 5 in Spellcasting
  1979 | D:4      | Reached skill level 6 in Spellcasting
  2194 | D:6      | Gained mutation: You passively map the area around you.
                  | [Meteoran growth]
  2194 | D:6      | Reached XP level 9. HP: 71/71 MP: 12/19
  2303 | D:5      | Reached skill level 7 in Spellcasting
  2537 | D:5      | Found a blossoming altar of Fedhas.
  2802 | D:6      | Reached skill level 5 in Conjurations
  2863 | D:6      | Found a large runed translucent door.
  2863 | D:6      | Found a large runed translucent door.
  2869 | D:6      | Found a corrupted altar of Lugonu.
  2877 | D:6      | Identified the +7 short sword of Ravage {distort, Int+4}
  2887 | D:6      | Found a one-way gate to the infinite horrors of the Abyss.
  2935 | D:7      | Found Rapot's Jewellery Emporium.
  3021 | D:6      | Reached skill level 8 in Spellcasting
  3314 | D:6      | Noticed Pikel
  3325 | D:6      | Killed Pikel
  3326 | D:6      | Reached skill level 9 in Spellcasting
  3326 | D:6      | Reached XP level 10. HP: 49/79 MP: 5/24
  3428 | D:6      | Noticed Prince Ribbit
  3434 | D:6      | Killed Prince Ribbit
  4096 | D:7      | Reached skill level 10 in Spellcasting
  4208 | D:8      | Found Zijacvi's Antique Armour Emporium.
  4212 | D:8      | Bought a glowing helmet for 187 gold pieces
  4212 | D:8      | Bought an embroidered robe for 92 gold pieces
  4259 | D:8      | Noticed Maurice
  4270 | D:8      | Killed Maurice
  4271 | D:8      | Reached skill level 10 in Fire Magic
  4323 | D:8      | Noticed Gastronok
  4343 | D:8      | Killed Gastronok
  4344 | D:8      | Reached skill level 11 in Spellcasting
  4344 | D:8      | Reached XP level 11. HP: 35/85 MP: 1/27
  4432 | D:8      | Found Xiatom's Magic Scroll Shoppe.
  4859 | D:7      | Found a staircase to the Ecumenical Temple.
  4865 | Temple   | Entered the Ecumenical Temple
  4879 | Temple   | Fell from the grace of Ignis
  4879 | Temple   | Became a worshipper of Vehumet
  4997 | D:8      | Noticed Joseph
  4999 | D:8      | Found Cenwoque's Jewellery Shoppe.
  5007 | D:8      | Killed Joseph
  5068 | D:10     | Entered Level 10 of the Dungeon
  5115 | D:10     | Reached skill level 12 in Spellcasting
  5286 | D:10     | Reached * piety under Vehumet
  5286 | D:10     | Offered knowledge of Shock by Vehumet.
  5329 | D:10     | Learned a level 1 spell: Apportation
  5486 | D:11     | You fall into a shaft and drop 1 floor!
  5594 | D:11     | Reached skill level 5 in Axes
  5594 | D:11     | Reached XP level 12. HP: 58/92 MP: 29/29
  5625 | D:11     | Reached skill level 13 in Spellcasting
  5692 | D:11     | Reached ** piety under Vehumet
  5692 | D:11     | Offered knowledge of Magic Dart by Vehumet.
  5718 | D:11     | Found the +8 frozen axe "Frostbite" {freezing cloud, *Noise
                  | Fly rC+}
  5770 | D:11     | Reached skill level 10 in Conjurations
  5983 | D:11     | You are sucked into a shaft and drop 2 floors!
  5998 | D:13     | Reached skill level 1 in Armour
  6011 | D:12     | Noticed Azrael
  6028 | D:12     | Found a runed translucent gate.
  6028 | D:12     | Found a runed translucent gate.
  6028 | D:12     | Found a runed translucent gate.
  6028 | D:12     | Noticed Layxaf's ghost (journeyman MiBe)
  6105 | D:12     | Got the Reference Book on Flames and the Rocks
  6112 | D:12     | Learned a level 5 spell: Fireball
  6119 | D:12     | Learned a level 6 spell: Iron Shot
  6193 | D:12     | HP: 2/93 [fire elemental[the fiery vengeance of Ignis]
                  | (10)]
  6193 | D:12     | Mangled by a fire elemental

Illustrated notes

Levels and vault maps discovered:
D:1:      dpeg_arrival_short_road, layout_rooms,
          hellmonk_ecumenical_altar_dog_temple, minmay_tiny_reverse_x
D:2:      layout_rooms
D:3:      layout_loops_ring, gammafunk_ghost_arena
D:4:      layout_basic, kennysheep_small_square, uniq_menkaure
D:5:      layout_loops_ring, mainiacjoe_overflow_tiny_flanked
D:6:      due_chaos_kobolds, layout_gridville, minmay_mini_ossuary,
          uniq_prince_ribbit1, uniq_pikel
D:7:      cheibrodos_quashed, layout_basic, minmay_temple_entry_fiery,
          nicolae_stop_n_shop_1, st_stairs_7, amcnicky_mini_corridor_feature,
          minmay_hedge_maze, grunt_ogre_cave, minmay_stone_trees_small,
          minmay_crystal_water, chequers_big_river, hex_tiny,
          kennysheep_generic_room_10
D:8:      layout_basic, serial_shops, shop, nicolae_shop_stone,
          nicolae_shop_hallway_stairs, uniq_maurice, uniq_joseph, uniq_gastronok
D:9:      layout_roguey, zombieorc1_lemuel, due_unseen_surprise
D:10:     layout_loops_cross, dreamdust_mushroom_princess, st_stairs_14,
          minivault_7
D:11:     layout_roguey, lair_entry_dummy, hellmonk_guarded_unrand_frostbite,
          uniq_amaemon, uniq_fannar
D:12:     layout_grid_maze, ebering_ghost_rock_garden, uniq_azrael,
          uniq_erolcha, uniq_frances
D:13:     layout_small_grid, hangedman_vaults_entry_quadrant_bands, serial_ice,
          serial_ice_l, serial_ice_c, serial_ice_d, serial_ice_a
D:14:     layout_layer_cave, nicolae_hepliaklqana_ecumenical_no_more,
          led_xom_imps
Temple:   mainiacjoe_temple_trianglar_array

Skill      XL: |  1  2  3  4  5  6  7  8  9 10 11 12 |
---------------+-------------------------------------+-----
Fire Magic     | 4 5 6 7 9 10 11 12 | 12.5
Axes           | 4 5 |  5.1
Spellcasting   | 2 4 6 9 11 12 13 | 13.6
Dodging        | 2 3 |  3.9
Conjurations   | 2 4 6 8 9 10 | 10.1
Fighting       | 4 |  4.8
Slings         | 1 2 3 |  3.4
Armour         | 1 |  1.0

Action                   |  1- 3 |  4- 6 |  7- 9 | 10-12 || total
-------------------------+-------+-------+-------+-------++-------
Melee: Hand axe          |    47 |    19 |       |       ||    66
       War axe           |       |       |       |     4 ||     4
       Executioner's axe |       |       |       |    15 ||    15
 Fire: Hunting sling     |       |     3 |    25 |    19 ||    47
 Cast: Scorch            |    11 |    40 |   102 |   151 ||   304
       Flame Wave        |       |       |    13 |    23 ||    36
       Foxfire           |       |       |       |    27 ||    27
Invok: Foxfire Swarm     |       |     2 |       |     1 ||     3
       Fiery Armour      |       |       |       |     1 ||     1
  Use: Scroll            |       |     1 |    12 |     9 ||    22
       Potion            |       |     3 |       |     2 ||     5
Armor: Robe              |    30 |     6 |     4 |    34 ||    74
       Troll leather arm |       |       |       |    29 ||    29
Dodge: Dodged            |    42 |    11 |    39 |   110 ||   202
Block: Other             |       |     4 |     2 |       ||     6

Table legend: (Time is in decaauts)
 A = Elapsed time spent in this place.
 B = Non-inter-level travel time spent in this place.
 C = Inter-level travel time spent in this place.
 D = Time resting spent in this place.
 E = Time spent auto-exploring this place.
 F = Levels seen in this place.
 G = Mean time per level.
                   A        B        C        D        E       F      G
               +--------+--------+--------+--------+--------+-----+--------+
         Total |   6221 |   5681 |    540 |     45 |   3631 |  15 |  414.7 |
       Dungeon |   6194 |   5666 |    528 |     45 |   3631 |  14 |  442.4 |
        Temple |     27 |     15 |     12 |      0 |      0 |   1 |   27.0 |
               +--------+--------+--------+--------+--------+-----+--------+

Top non-repeatable levels by time:
     D:6: 962 daAuts
     D:4: 703 daAuts
     D:8: 644 daAuts
     D:5: 642 daAuts
     D:7: 641 daAuts
     D:1: 588 daAuts
     D:3: 534 daAuts
    D:11: 431 daAuts
     D:2: 324 daAuts
    D:10: 299 daAuts
    D:12: 278 daAuts
     D:9: 104 daAuts
    D:13: 37 daAuts
  Temple: 27 daAuts
    D:14: 1 daAuts
